 Dungeon Crawl Stone Soup version 0.29-a0-330-g52719c12eb (webtiles) character file.

Game seed: 17192993764816832853

227 dohliylev the Ruffian (level 5, -10/46 (49) HPs)
             Began as a Troll Warper on May 11, 2022.
             Mangled by Duvessa
             ... wielding a +0 short sword
              (15 damage)
             ... on level 4 of the Dungeon.
             The game lasted 00:04:53 (2135 turns).

dohliylev the Ruffian (Troll Warper)                Turns: 2135, Time: 00:04:53

HP:   -10/46 (49)   AC:  6    Str: 21    XL:     5   Next: 70%
MP:   6/6           EV: 10    Int:  9    God:
Gold: 250           SH:  0    Dex:  9    Spells: 1/6 levels left

rFire   . . .      SeeInvis .     - Unarmed
rCold   . . .      Faith    .   (no shield)
rNeg    . . .      Spirit   .   a - +0 robe
rPois   .          Reflect  .   (helmet restricted)
rElec   .          Harm     .   h - +1 cloak
rCorr   .          Rampage  .   (gloves unavailable)
Will    .....                   (boots unavailable)
Stlth   +.........              (no amulet)
HPRegen 0.95/turn               (no ring)
MPRegen 0.10/turn               (no ring)

@: drained
A: large, unfitting armour, claws 3, regeneration 1, shaggy fur 1, tough skin 1
a: no special abilities


You were on level 4 of the Dungeon.
You visited 1 branch of the dungeon, and saw 4 of its levels.

You collected 250 gold pieces.

Inventory:

Missiles
 c - 7 boomerangs of dispersal (quivered)
 q - 5 javelins
Armour
 a - a +0 robe (worn)
 h - a +1 cloak (worn)
Scrolls
 b - a scroll of blinking
 d - a scroll of holy word {unknown}
 f - a scroll of magic mapping {unknown}
 g - a scroll of identify {unknown}
 k - a scroll of fear {unknown}
 m - a scroll of vulnerability {unknown}
 o - 3 scrolls of immolation {unknown}
 p - a scroll of teleportation {unknown}
 r - a scroll of torment {unknown}
Potions
 e - 5 potions of heal wounds {unknown}
 i - 2 potions of curing {unknown}
 j - 2 potions of mutation {unknown}
 l - a potion of flight {unknown}
 n - a potion of brilliance {unknown}


   Skills:
 + Level 2.2 Fighting
 + Level 0.8 Throwing
 + Level 3.1 Dodging
 + Level 4.3 Unarmed Combat
 + Level 1.3 Spellcasting
 + Level 2.6 Translocations


You had one spell level left.
You knew the following spells:

 Your Spells              Type           Power      Damage    Failure   Level
a - Blink                 Tloc           10%        N/A       19%         2
b - Lesser Beckoning      Tloc           5%         N/A       36%         3

Your spell library contained the following spells:

 Spells                   Type           Power      Damage    Failure   Level
 Beastly Appendage        Tmut           0%         N/A       34%         1
 Summon Small Mammal      Summ           0%         N/A       34%         1
 Gell's Gravitas          Tloc           5%         N/A       36%         3
 Teleport Other           Tloc           5%         N/A       36%         3
 Call Canine Familiar     Summ           0%         N/A       71%         3
 Summon Guardian Golem    Hex/Summ       0%         N/A       71%         3
 Manifold Assault         Tloc           5%         N/A       98%         5


Dungeon Overview and Level Annotations

Branches:
Dungeon (4/15)
 Temple: D:4-7

Altars:
Dithmenos
Zin

Shops:
D:1 ==*:*   D:4 **

Annotations:
D:4 Dowan, Duvessa


Innate Abilities, Weirdness & Mutations

You are too large for most types of armour.
You have claws for hands.
Your natural rate of healing is unusually fast.
You are covered in fur. (AC +1)
You have tough skin. (AC +1)


Message History

Memorise Lesser Beckoning, consuming 3 spell levels and leaving 1?
You start memorising the spell.
You continue memorising. x3
Duvessa shouts!
You hear a shout!
You finish memorising.
Spell assigned to 'b'.
You completely miss Dowan.
Dowan points at you and mumbles some strange words.
The puff of frost hits you!
You scratch Dowan.
Dowan is lightly wounded.
Dowan hits you but does no damage.
You feel drained.
You closely miss Dowan.
Dowan is lightly wounded.
You closely miss Dowan.
Dowan is lightly wounded.
Dowan completely misses you.
You miss Dowan.
Dowan is lightly wounded.
Duvessa drinks a potion.
Duvessa goes berserk!
Dowan hits you with a +1 dagger of draining.
You feel drained.
Duvessa rages.
Dowan hits you with a +1 dagger of draining.
You feel drained.
Found a stone staircase leading up.
Duvessa rages.
Duvessa closely misses you. Duvessa attacks as you move away!
Duvessa barely misses you.
Dowan gestures at Duvessa while chanting.
Duvessa seems to speed up.
Duvessa attacks as you move away! Duvessa completely misses you.
Dowan gestures wildly while chanting.
Dowan blinks!
Duvessa hits you with a +0 short sword!!
Duvessa hits you with a +0 short sword! Duvessa hits you with a +0 short sword!
* * * LOW HITPOINT WARNING * * *
Duvessa hits you with a +0 short sword!
* * * LOW HITPOINT WARNING * * *
Duvessa attacks as you move away! Duvessa hits you with a +0 short sword!
You die...

############
#..........#
#.########.# #.#
#.# #.#
######.###### #.#
#>@e...e....# #
#.#
#.####.####.#.##.#
#.# #.#
#.####.ยง....# #.#
#.# #...).........
####.###.#
##.......#..##
#........#
#.###.### .#
#........# #.#
#... ..#
#........# #.#
#.####..
#........#####.#
#.# ##.##


You could see Duvessa (berserk, fast) and Dowan.

Vanquished Creatures
  Terence (D:2)
  An iguana (D:4)
  8 gnolls (D:4)
  3 adders (D:2)
  4 worms (D:2)
  2 dart slugs
  An orc (D:4)
  2 ball pythons
  3 bats
  4 endoplasms
  A giant cockroach (D:2)
  6 goblins
  8 hobgoblins
  3 quokkas
  A frilled lizard (D:2)
  7 kobolds
  5 rats
60 creatures vanquished.

Vanquished Creatures (others)
  A fungus (D:1)
  7 toadstools (D:1)
8 creatures vanquished.

Grand Total: 68 creatures vanquished

Notes
Turn   | Place    | Note
-------+----------+-------------------------------------------
     0 | D:1      | dohliylev the Troll Warper began the quest for the Orb.
     0 | D:1      | Reached XP level 1. HP: 19/19 MP: 1/1
    76 | D:1      | Found Cyvufasi's Book Shop.
   104 | D:1      | Found Doitoi's Jewellery Emporium.
   216 | D:1      | Found a faded altar of an unknown god.
   225 | D:1      | Got Plato's Handbook of Changing
   233 | D:1      | Reached XP level 2. HP: 28/28 MP: 2/2
   374 | D:1      | Found Xaebuog's Assorted Antiques.
   459 | D:1      | Found Nabuerur's Jewellery Emporium.
   600 | D:1      | Found Iciriaci's General Store.
   756 | D:2      | Noticed Terence
   762 | D:2      | Killed Terence
   763 | D:2      | Reached XP level 3. HP: 28/35 MP: 3/3
   802 | D:2      | Reached XP level 4. HP: 25/42 MP: 4/4
   947 | D:2      | Reached skill level 3 in Unarmed Combat
  1056 | D:2      | Learned a level 2 spell: Blink
  1698 | D:3      | You fall into a shaft and drop 1 floor!
  1707 | D:4      | Reached XP level 5. HP: 41/49 MP: 6/6
  1750 | D:4      | Found Pisoa's General Store.
  1788 | D:4      | Found a shadowy altar of Dithmenos.
  1838 | D:4      | Reached skill level 4 in Unarmed Combat
  1873 | D:4      | Found Zoafu's CLEARANCE SALE!.
  1895 | D:4      | Found a glowing silver altar of Zin.
  2110 | D:4      | Noticed Dowan
  2115 | D:4      | Noticed Duvessa
  2117 | D:4      | Learned a level 3 spell: Lesser Beckoning
  2135 | D:4      | Mangled by Duvessa

Illustrated notes

Levels and vault maps discovered:
D:1:      nagdon_arrival_double_spiral, layout_basic,
          shapermc_ecumenical_altar_rom_forum, serial_shops, shop_fountains,
          shop_coins, nicolae_shop_statue_plus, nicolae_shop_overgrown_old_shop,
          nicolae_shop_advertising_works [nicolae_subvault_shop_adworks],
          grunt_decor_fettered
D:2:      layout_basic, uniq_terence
D:3:      layout_basic
D:4:      layout_loops_ring, mainiacjoe_overflow_cross_hatched,
          nicolae_dithmenos_through_a_glass_darkly, serial_shops,
          nicolae_shop_window_shopping, nicolae_shop_clearance, uniq_duvessa

Skill      XL: |  1  2  3  4  5 |
---------------+----------------+-----
Dodging        | 2 3 |  3.1
Fighting       | 2 |  2.2
Unarmed Combat | 3 4 |  4.3
Throwing       | |  0.8
Spellcasting   | |  1.3
Translocations | |  2.6

Action                   |  1- 3 |  4- 6 || total
-------------------------+-------+-------++-------
Melee: Unarmed           |    65 |   104 ||   169
       Punch             |     1 |     3 ||     4
 Cast: Blink             |       |     1 ||     1
Armor: Robe              |    20 |    34 ||    54
Dodge: Dodged            |    23 |    52 ||    75

Table legend: (Time is in decaauts)
 A = Elapsed time spent in this place.
 B = Non-inter-level travel time spent in this place.
 C = Inter-level travel time spent in this place.
 D = Time resting spent in this place.
 E = Time spent auto-exploring this place.
 F = Levels seen in this place.
 G = Mean time per level.
                   A        B        C        D        E       F      G
               +--------+--------+--------+--------+--------+-----+--------+
         Total |   2160 |   2109 |     51 |     33 |   1603 |   4 |  540.0 |
       Dungeon |   2160 |   2109 |     51 |     33 |   1603 |   4 |  540.0 |
               +--------+--------+--------+--------+--------+-----+--------+

Top non-repeatable levels by time:
     D:2: 828 daAuts
     D:1: 790 daAuts
     D:4: 433 daAuts
     D:3: 109 daAuts
